[Event "ICC tourney 2148 (70 10)"]
[Site "Internet Chess Club"]
[Date "2020.11.21"]
[Round "3"]
[White "truelegend17"]
[Black "Judtyr123"]
[Result "1-0"]
[ICCResult "Black resigns"]
[WhiteElo "909"]
[BlackElo "987"]
[Opening "two knights defense: Fritz variation"]
[ECO "C57"]
[NIC "KP.01"]
[Time "19:35:26"]
[TimeControl "4200+10"]

1. e4 e5 2. Nf3 Nc6 3. Bc4 Nf6 4. Ng5 d5 5. exd5 Nd4 6. c3 Nf5 7. Nf3 Nxd5
8. Nxe5 Bd6 9. Nxf7 Qe7+ 10. Qe2 Qxe2+ 11. Kxe2 Kxf7 12. Bxd5+ Kf6 13. Be4
Re8 14. d3 Be6 15. Be3 c6 16. Re1 Bf7 17. Bxf5 Kxf5 18. Kf1 a6 19. Nd2 Rad8
20. Nf3 Bc7 21. Nd4+ Kg6 22. b4 Bd5 23. h3 Rf8 24. Re2 Bh2 25. Rd1 Rde8 26.
c4 Bg8 27. Nf3 Bc7 28. Rde1 Bf7 29. Bc5 Rxe2 30. Rxe2 Re8 31. Be7 Kh6 32. g4
g6 33. Bf6 Rxe2 34. g5+ Kh5 35. Kxe2 Bf4 36. h4 Kg4 37. Be5 Bc1 38. Bg3 Ba3
39. Ne5+ Kf5 40. Nxf7 Bxb4 41. Nh6+ Ke6 42. f4 Bd6 43. f5+ gxf5 44. Bxd6
Kxd6 45. Nxf5+ Ke6 46. Nd4+ Ke5 47. Ke3 c5 48. Nf3+ Kf5 49. d4 cxd4+ 50.
Nxd4+ Kg4 51. Nf3 b5 52. c5 Kf5 53. c6 Ke6 54. Ne5 Kd6 55. h5 a5 {Black
resigns} 1-0

[Event "ICC tourney 2148 (70 10)"]
[Site "Internet Chess Club"]
[Date "2020.11.21"]
[Round "3"]
[White "dancingmoose3"]
[Black "GoodOldBell"]
[Result "0-1"]
[ICCResult "White resigns"]
[WhiteElo "906"]
[BlackElo "1204"]
[Opening "Sicilian: Smith-Morra gambit"]
[ECO "B21"]
[NIC "SI.48"]
[Time "19:35:31"]
[TimeControl "4200+10"]

1. e4 c5 2. d4 cxd4 3. c3 dxc3 4. Nxc3 Nc6 5. Nf3 d6 6. Bc4 Nf6 7. O-O a6 8.
a4 e6 9. Bg5 Be7 10. Re1 O-O 11. Qd2 Qc7 12. Rab1 b6 13. b4 Bb7 14. b5 Na5
15. Ba2 Rac8 16. Rbc1 Qd8 17. bxa6 Bxa6 18. Nb5 Rxc1 19. Qxc1 Bxb5 20. axb5
Qd7 21. Qb2 h6 22. Bh4 Nb7 23. e5 Nd5 24. Bxd5 exd5 25. Bxe7 Qxe7 26. Qd4
Qc7 27. Qxd5 dxe5 28. Nxe5 Re8 29. Nf3 Rxe1+ 30. Nxe1 Qe7 31. Kf1 Nc5 32.
Qc6 Qe6 33. Qxe6 Nxe6 34. Ke2 Nd4+ 35. Kd3 Nxb5 36. Kc4 Nc7 37. Nd3 Kf8 38.
Kd4 Ke7 39. Ke5 f6+ 40. Kf5 b5 41. Kg6 Kf8 42. f4 Nd5 43. h4 b4 44. g3 b3
45. Nb2 Ne3 46. Nd3 Nc4 47. g4 b2 48. Nxb2 Nxb2 49. g5 fxg5 50. fxg5 hxg5
51. Kxg5 Nc4 52. h5 Nd6 53. h6 Nf7+ 54. Kg6 Nxh6 55. Kg5 Kf7 56. Kh5 Kf6 57.
Kh4 Kf5 58. Kh5 g5 59. Kxh6 g4 60. Kh5 g3 61. Kh4 g2 62. Kh3 g1=Q
{White resigns}
0-1

[Event "ICC tourney 2148 (70 10)"]
[Site "Internet Chess Club"]
[Date "2020.11.21"]
[Round "3"]
[White "MissCalculation"]
[Black "shalinblitz"]
[Result "1-0"]
[ICCResult "Black resigns"]
[WhiteElo "1096"]
[BlackElo "1174"]
[Opening "Queen's pawn game"]
[ECO "E10"]
[NIC "QI.01"]
[Time "19:35:26"]
[TimeControl "4200+10"]

1. d4 Nf6 2. c4 e6 3. Nf3 d5 4. g3 c5 5. Bg2 Nc6 6. cxd5 exd5 7. dxc5 Bxc5
8. b3 O-O 9. O-O Bg4 10. h3 Bxf3 11. Bxf3 Qd7 12. Bg2 Nh5 13. e3 Rad8 14.
Qxh5 Be7 15. Rd1 Bf6 16. Rxd5 Qe7 17. Rxd8 Rxd8 18. Ba3 Qe6 19. Nc3 Bxc3 20.
Rc1 g6 21. Qg4 f5 22. Qc4 Qxc4 23. bxc4 Bd2 24. Bd5+ Kg7 25. Bb2+ Kh6 26.
Rf1 Bb4 27. f4 Bf8 28. g4 fxg4 29. hxg4 Ne7 30. g5+ Kh5 31. Bf3+ Kh4 32. Kf2
Rd2+ 33. Be2 Rxe2+ 34. Kxe2 Nf5 35. Rh1+ Kg4 36. Rd1 Kh3 37. Kf3 Nh4+ 38.
Ke4 Kg4 39. Rd7 Nf3 40. Rxh7 Nd2+ 41. Kd5 {Black resigns} 1-0

[Event "ICC tourney 2148 (70 10)"]
[Site "Internet Chess Club"]
[Date "2020.11.21"]
[Round "3"]
[White "Wubbs"]
[Black "Nani123"]
[Result "1/2-1/2"]
[ICCResult "White stalemated"]
[WhiteElo "912"]
[BlackElo "1055"]
[Opening "Queen's gambit declined"]
[ECO "D30"]
[NIC "QP.08"]
[Time "19:35:20"]
[TimeControl "4200+10"]

1. d4 d5 2. c4 e6 3. Nf3 Nf6 4. a3 Nbd7 5. Nc3 Be7 6. Bf4 c5 7. e3 a6 8.
dxc5 Nxc5 9. b4 Nce4 10. Qc2 b6 11. Bd3 Nxc3 12. Qxc3 Bb7 13. O-O-O O-O 14.
Kb1 Rc8 15. h4 a5 16. b5 Rc5 17. h5 h6 18. Qb2 dxc4 19. Bh7+ Kxh7 20. Rxd8
Rxd8 21. Be5 Ne4 22. Bd4 Bf6 23. Bxf6 gxf6 24. Nd4 c3 25. Qc2 Kg7 26. Rd1
Nd2+ 27. Ka1 Be4 28. Qc1 e5 29. f3 exd4 30. Rxd2 cxd2 31. Qxd2 Bh7 32. e4
Rxb5 33. Qe1 Rxh5 34. Qg3+ Rg5 35. Qc7 Re8 36. Qxb6 Rxg2 37. Qxd4 Rg3 38.
Qf2 Rg6 39. Qb6 Rg3 40. Qf2 Rg6 41. Qb6 Re6 42. Qxa5 Rg3 43. Qd2 Bxe4 44.
fxe4 Rxe4 45. Kb2 Reg4 46. Qd7 Rg2+ 47. Kb1 Rg1+ 48. Kb2 R4g2+ 49. Kb3 Rb1+
50. Ka4 Rg5 51. Qd3 Rbb5 52. Qh7+ Kxh7 {White stalemated} 1/2-1/2

[Event "ICC tourney 2148 (70 10)"]
[Site "Internet Chess Club"]
[Date "2020.11.21"]
[Round "3"]
[White "akhilv"]
[Black "WhitneyYocps2"]
[Result "1-0"]
[ICCResult "Black resigns"]
[WhiteElo "956"]
[BlackElo "1156"]
[Opening "French defense"]
[ECO "C00"]
[NIC "FR.01"]
[Time "19:35:25"]
[TimeControl "4200+10"]

1. e4 e6 2. Nf3 d5 3. exd5 exd5 4. d4 Nf6 5. Nc3 c5 6. Be3 cxd4 7. Nxd4 Nc6
8. Bb5 Bd7 9. Nxc6 Bxc6 10. Bxc6+ bxc6 11. O-O Bb4 12. Re1 O-O 13. Qd2 Ne4
14. Qd3 Qa5 15. Bd2 Nxd2 16. Qxd2 Rad8 17. a3 Bd6 18. b4 Qc7 19. g3 a6 20.
Qd3 Be5 21. Re2 Bf6 22. a4 Qb6 23. Rb1 Rfe8 24. Rbe1 Rxe2 25. Qxe2 h6 26.
Na2 a5 27. Rb1 Kf8 28. Qd1 axb4 29. Nxb4 Rb8 30. Rb3 Rd8 31. Nxd5 Rxd5 32.
Qxd5 cxd5 33. Rxb6 Ke7 34. a5 Bd4 35. Rb4 Bc5 36. Ra4 Kd6 37. a6 Ba7 38. Rg4
g5 39. h4 f5 40. Ra4 g4 41. Kg2 h5 42. f3 Kc6 43. fxg4 fxg4 44. Rf4 Kb6 45.
Rf5 Kxa6 46. Rxh5 d4 47. Rg5 {Black resigns} 1-0

[Event "ICC tourney 2148 (70 10)"]
[Site "Internet Chess Club"]
[Date "2020.11.21"]
[Round "3"]
[White "MRZNA"]
[Black "johnzabraham"]
[Result "0-1"]
[ICCResult "White resigns"]
[WhiteElo "1080"]
[BlackElo "1069"]
[Opening "French: Tarrasch, open variation"]
[ECO "C07"]
[NIC "FR.18"]
[Time "19:36:12"]
[TimeControl "4200+10"]

1. e4 e6 2. d4 d5 3. Nd2 c5 4. Ngf3 Nc6 5. c3 Nf6 6. e5 Nd7 7. Bd3 Qb6 8.
O-O cxd4 9. cxd4 Nxd4 10. Nxd4 Qxd4 11. Nf3 Qb6 12. Qc2 h6 13. Be3 Bc5 14.
Bd2 O-O 15. Qc1 Re8 16. Bxh6 Bf8 17. Be3 Bc5 18. Re1 d4 19. Bh6 Bf8 20. Qg5
Nc5 21. Bc2 d3 22. Bxd3 Nxd3 23. Re3 Nxf2 24. Kf1 Qxb2 25. Rae1 Bd7 26. R1e2
Bb5 27. Kxf2 Bxe2 28. Rxe2 Qb6+ 29. Kg3 Kh7 30. Bxg7 Bxg7 31. Re4 Qc5 32.
Rg4 Bh6 33. Qh5 Rg8 34. Ng5+ Rxg5 35. Rxg5 Qe3+ 36. Kh4 Qxg5+ 37. Qxg5 Bxg5+
38. Kxg5 Rg8+ 39. Kf6 Rxg2 {White resigns} 0-1

[Event "ICC tourney 2148 (70 10)"]
[Site "Internet Chess Club"]
[Date "2020.11.21"]
[Round "3"]
[White "shawnchicken"]
[Black "whale-lines"]
[Result "1-0"]
[ICCResult "Black resigns"]
[WhiteElo "1299"]
[BlackElo "886"]
[Opening "QGD: Marshall defense"]
[ECO "D06"]
[NIC "QP.08"]
[Time "19:35:20"]
[TimeControl "4200+10"]

1. d4 d5 2. c4 Nf6 3. Nc3 Nc6 4. Nf3 Bf5 5. Bf4 e6 6. e3 Bb4 7. Rc1 O-O 8.
Bd3 Bxd3 9. Qxd3 Bxc3+ 10. Rxc3 Ne4 11. Rc1 g5 12. Bg3 f5 13. h3 Nxg3 14.
fxg3 Qd6 15. Kf2 h6 16. g4 Rf6 17. gxf5 dxc4 18. Rxc4 exf5 19. Rc5 Raf8 20.
Qd2 g4 21. Nh4 f4 22. e4 g3+ 23. Ke1 Qxd4 24. Qxd4 Nxd4 25. Rxc7 R8f7 26.
Rc4 Rd7 27. Rf1 f3 28. gxf3 Nxf3+ 29. Rxf3 Rxf3 30. Nxf3 Rf7 31. Ke2 g2 32.
Rc1 Kf8 33. Rg1 Ke7 34. Rxg2 Ke6 35. Rg6+ Rf6 36. Rxf6+ Kxf6 37. Ke3 Ke6 38.
e5 Kd5 39. Kf4 Ke6 40. Nd4+ Kd5 41. Nf5 Ke6 42. Nxh6 Kd5 43. Kf5 {Black
resigns} 1-0

[Event "ICC tourney 2148 (70 10)"]
[Site "Internet Chess Club"]
[Date "2020.11.21"]
[Round "3"]
[White "dolphins4life"]
[Black "danamby"]
[Result "0-1"]
[ICCResult "White checkmated"]
[WhiteElo "716"]
[BlackElo "1028"]
[Opening "Two knights defense (Modern bishop's opening)"]
[ECO "C55"]
[NIC "IG.01"]
[Time "19:35:27"]
[TimeControl "4200+10"]

1. e4 e5 2. Nf3 Nc6 3. Bc4 Nf6 4. d3 h6 5. Nc3 Bb4 6. Bd2 O-O 7. a3 Bc5 8.
O-O d6 9. h3 Be6 10. Nd5 Bxd5 11. exd5 Ne7 12. Qc1 c6 13. dxc6 bxc6 14. b4
Bb6 15. Bb3 d5 16. c4 Bc7 17. Re1 e4 18. dxe4 dxe4 19. Nh4 Qd6 20. f4 exf3
21. Nxf3 Nf5 22. Be3 Rfe8 23. c5 Qd3 24. Bc2 Qd5 25. Bxf5 Qxf5 26. Qb1 Qh5
27. Bf2 Nd5 28. Nd4 Qg5 29. Qf5 Re5 30. Rxe5 Bxe5 31. Qxg5 hxg5 32. Re1 Bxd4
33. Bxd4 f5 34. Re5 g6 35. Kf2 Kf7 36. g4 Nf4 37. Kf3 Rd8 38. Ke3 Nd5+ 39.
Kd3 f4 40. Ke2 Nc7 41. Bb2 Re8 42. Rxe8 Kxe8 43. Be5 Nd5 44. Kf3 Ke7 45. h4
gxh4 46. Bxf4 Nxf4 47. Kxf4 g5+ 48. Kf3 Ke6 49. a4 Kd5 50. Ke3 Kc4 51. Ke4
Kxb4 52. Kf5 h3 53. Kxg5 h2 54. Kg6 h1=Q 55. g5 Qe4+ 56. Kf7 Qd5+ 57. Kg7
Qxg5+ 58. Kh8 Kxc5 59. a5 Kd6 60. a6 Ke7 61. Kh7 Kf8 62. Kh8 Qh5#
{White checkmated}
0-1

[Event "ICC tourney 2148 (70 10)"]
[Site "Internet Chess Club"]
[Date "2020.11.21"]
[Round "3"]
[White "artistqueen"]
[Black "Popularmmose"]
[Result "1-0"]
[ICCResult "Black resigns"]
[WhiteElo "1312"]
[BlackElo "1079"]
[Opening "Sicilian: dragon, Yugoslav attack, 9...Bd7"]
[ECO "B77"]
[NIC "SI.18"]
[Time "19:35:51"]
[TimeControl "4200+10"]

1. e4 c5 2. Nf3 d6 3. d4 cxd4 4. Nxd4 g6 5. Nc3 Bg7 6. Be3 Nf6 7. f3 O-O 8.
Qd2 Nc6 9. Bc4 Bd7 10. Bb3 Rc8 11. O-O-O a6 12. h4 b5 13. g4 Ne5 14. h5 Nc4
15. Bxc4 Rxc4 16. hxg6 fxg6 17. e5 b4 18. Qd3 Rxd4 19. Qxd4 bxc3 20. exf6
Bxf6 21. Qc4+ e6 22. bxc3 Qa5 23. Rxd6 Rc8 24. Qb4 Qxa2 25. Rxd7 Qa1+ 26.
Qb1 Qxc3 27. Bd2 Qxf3 28. Qb7 Qxb7 29. Rxb7 Rc4 30. g5 Bg7 31. Rb6 Ra4 32.
Re1 Bd4 33. Rb8+ Kf7 34. Rb7+ Ke8 35. Rxe6+ Kd8 36. c3 Kc8 37. Rxh7
{Black resigns}
1-0

[Event "ICC tourney 2148 (70 10)"]
[Site "Internet Chess Club"]
[Date "2020.11.22"]
[Round "4"]
[White "kavya204029han"]
[Black "roh007"]
[Result "0-1"]
[ICCResult "White resigns"]
[WhiteElo "866"]
[BlackElo "1216"]
[Opening "Ruy Lopez: classical (Cordel) defense"]
[ECO "C64"]
[NIC "RL.01"]
[Time "12:30:06"]
[TimeControl "4200+10"]

1. e4 e5 2. Nf3 Nc6 3. Bb5 Bc5 4. Nxe5 Bxf2+ 5. Kxf2 Nxe5 6. Ke1 c6 7. Ba4
d6 8. d4 Bg4 9. Qd2 Qh4+ 10. g3 Nf3+ 11. Kf1 Qh3+ 12. Kf2 Nxd2 13. Bxd2 Nf6
14. e5 dxe5 15. dxe5 Ne4+ 16. Ke3 Nxd2 17. Kxd2 Qg2+ {White resigns} 0-1

[Event "ICC tourney 2148 (70 10)"]
[Site "Internet Chess Club"]
[Date "2020.11.22"]
[Round "4"]
[White "king2f8"]
[Black "ARNAVG094"]
[Result "0-1"]
[ICCResult "White resigns"]
[WhiteElo "509"]
[BlackElo "729"]
[Opening "Queen's pawn: Charlick (Englund) gambit"]
[ECO "A40"]
[NIC "QO.17"]
[Time "12:31:27"]
[TimeControl "4200+10"]

1. d4 e5 2. dxe5 Nc6 3. Nf3 Qe7 4. Bf4 Qb4+ 5. Nc3 Qxb2 6. Nd2 Qxc3 7. Bg5
Qxe5 8. Be3 Nge7 9. Nf3 Qf6 10. Nd4 Nxd4 11. Bxd4 Qd6 12. e4 Nc6 13. c3 Nxd4
14. cxd4 g6 15. e5 Qb4+ 16. Qd2 Qxd2+ 17. Kxd2 Bg7 18. Re1 O-O 19. Bc4 a6
20. h4 b5 21. Bd5 c6 22. Bf3 Re8 23. h5 d6 24. exd6 Rxe1 25. Rxe1 Bxd4 26.
h6 Bf5 27. Bxc6 Bc5 28. Bxa8 Bxd6 29. Re8+ Bf8 30. Bb7 Bd7 31. Rd8 Be6 32.
Bxa6 Bxa2 33. Bxb5 f6 34. Ra8 Bd5 35. Ra5 Bb4+ 36. Kd3 Bxa5 37. Kd4 Bxg2 38.
Ke3 Bb6+ 39. Kf4 Bxf2 40. Bc4+ Kf8 41. Kg4 f5+ 42. Kf4 Ke7 43. Kg5 Be3+ 44.
Kh4 Bxh6 {White resigns} 0-1

[Event "ICC tourney 2148 (70 10)"]
[Site "Internet Chess Club"]
[Date "2020.11.22"]
[Round "4"]
[White "Phineashrad"]
[Black "Deng20"]
[Result "1-0"]
[ICCResult "Black checkmated"]
[WhiteElo "1066"]
[BlackElo "763"]
[Opening "Giuoco Pianissimo: Italian four knights variation"]
[ECO "C50"]
[NIC "IG.02"]
[Time "12:30:54"]
[TimeControl "4200+10"]

1. e4 e5 2. Nf3 Nc6 3. Bc4 Bc5 4. Nc3 Nf6 5. d3 h6 6. Be3 Bxe3 7. fxe3 O-O
8. O-O d6 9. d4 Bg4 10. Qd2 Bxf3 11. Rxf3 exd4 12. exd4 Re8 13. Rg3 Nxe4 14.
Nxe4 Rxe4 15. Qxh6 g6 16. Rxg6# {Black checkmated} 1-0

[Event "ICC tourney 2148 (70 10)"]
[Site "Internet Chess Club"]
[Date "2020.11.22"]
[Round "4"]
[White "hollydood"]
[Black "mytoyoweta"]
[Result "0-1"]
[ICCResult "White checkmated"]
[WhiteElo "717"]
[BlackElo "1122"]
[Opening "Bishop's opening: Berlin defense"]
[ECO "C24"]
[NIC "IG.04"]
[Time "12:32:22"]
[TimeControl "4200+10"]

1. e4 e5 2. Bc4 Nf6 3. d3 h6 4. Nf3 Nc6 5. Nc3 Na5 6. Nxe5 Nxc4 7. Nxc4 d6
8. Be3 b6 9. e5 dxe5 10. Nxe5 Bd6 11. Nf3 O-O 12. Qd2 Re8 13. O-O Ng4 14.
Rae1 Bb7 15. h3 Bxf3 16. hxg4 Qh4 17. Bf4 Qxg4 18. Bxd6 Qxg2# {White
checkmated} 0-1

[Event "ICC tourney 2148 (70 10)"]
[Site "Internet Chess Club"]
[Date "2020.11.22"]
[Round "4"]
[White "hunterhong"]
[Black "meiyab"]
[Result "0-1"]
[ICCResult "White checkmated"]
[WhiteElo "706"]
[BlackElo "946"]
[Opening "Giuoco Piano: four knights variation"]
[ECO "C46"]
[NIC "KP.06"]
[Time "12:39:27"]
[TimeControl "4200+10"]

1. e4 e5 2. Nf3 Nc6 3. Nc3 Bc5 4. Bc4 Nf6 5. O-O O-O 6. d3 h6 7. Be3 d6 8.
h3 Nd4 9. a3 c6 10. b4 Bb6 11. a4 a6 12. a5 Ba7 13. Ne2 Nxf3+ 14. gxf3 Be6
15. Bxa7 Rxa7 16. Bxe6 fxe6 17. Kh1 Nh5 18. Nc3 Qh4 19. Kh2 Nf4 20. Rh1
Qxh3+ 21. Kg1 Qg2# {White checkmated} 0-1

[Event "ICC tourney 2148 (70 10)"]
[Site "Internet Chess Club"]
[Date "2020.11.22"]
[Round "4"]
[White "mewto12345"]
[Black "aarnawarekar"]
[Result "1-0"]
[ICCResult "Black checkmated"]
[WhiteElo "1273"]
[BlackElo "671"]
[Opening "Queen's bishop game"]
[ECO "D02"]
[NIC "QP.06"]
[Time "12:30:51"]
[TimeControl "4200+10"]

1. d4 Nf6 2. Nf3 d5 3. Bf4 Nc6 4. e3 e6 5. Bd3 Bd7 6. O-O Bd6 7. Bxd6 cxd6
8. Nbd2 O-O 9. c4 dxc4 10. Nxc4 Qc7 11. Rc1 Rac8 12. h3 Qd8 13. Nxd6 Rc7 14.
Nc4 Nb4 15. a3 Nxd3 16. Qxd3 Bb5 17. Qb3 a6 18. a4 Bxc4 19. Rxc4 Rxc4 20.
Qxc4 Qc8 21. Rc1 Qxc4 22. Rxc4 b5 23. axb5 axb5 24. Rc7 Rb8 25. Ne5 Rf8 26.
Rb7 Nd5 27. Rxb5 f6 28. Nd7 Rf7 29. Rb8+ Rf8 30. Rxf8# {Black checkmated}
1-0

[Event "ICC tourney 2148 (70 10)"]
[Site "Internet Chess Club"]
[Date "2020.11.22"]
[Round "4"]
[White "Maximusiv"]
[Black "Sid907"]
[Result "0-1"]
[ICCResult "White resigns"]
[WhiteElo "1037"]
[BlackElo "687"]
[Opening "Scotch gambit: Dubois-Réti defense"]
[ECO "C55"]
[NIC "KP.02"]
[Time "12:30:21"]
[TimeControl "4200+10"]

1. e4 e5 2. Nf3 Nc6 3. Bc4 Nf6 4. d4 exd4 5. e5 Ng8 6. O-O d5 7. exd6 Bxd6
8. Re1+ Nge7 9. Nxd4 Nxd4 10. Qxd4 Bxh2+ 11. Kxh2 Qxd4 12. Bg5 f6 13. Be3
Qxc4 14. Nc3 O-O 15. Rad1 Bf5 16. Rd4 Qf7 17. Nb5 a6 18. Nxc7 Rac8 19. Bf4
Ng6 20. Bg3 Rxc7 21. Bxc7 Qxc7+ 22. Kg1 Rd8 23. Rxd8+ Qxd8 {White resigns}
0-1

[Event "ICC tourney 2148 (70 10)"]
[Site "Internet Chess Club"]
[Date "2020.11.22"]
[Round "4"]
[White "Aarav10"]
[Black "coreenjansen"]
[Result "1-0"]
[ICCResult "Black checkmated"]
[WhiteElo "236"]
[BlackElo "341"]
[Opening "Philidor's defense"]
[ECO "C41"]
[NIC "KP.10"]
[Time "12:31:51"]
[TimeControl "4200+10"]

1. e4 e5 2. Nf3 d6 3. Nc3 Be6 4. d4 Nc6 5. dxe5 Nxe5 6. Nxe5 Qe7 7. Nf3
O-O-O 8. Bb5 Qf6 9. O-O Bg4 10. Qd3 Be7 11. Bg5 Qe6 12. Bxe7 Nxe7 13. Nd4
Qf6 14. f3 Bh5 15. Rad1 Qg6 16. h3 Rhe8 17. Bxe8 Rxe8 18. Nd5 Nxd5 19. exd5
Qxd3 20. Rxd3 Bg6 21. Rd2 Kd7 22. Rdd1 Re3 23. Rde1 c5 24. Rxe3 cxd4 25. Re2
b5 26. Rd2 b4 27. Rxd4 Bxc2 28. Rxb4 Bd3 29. Rd1 Bc2 30. Rc1 Bd3 31. Rb7+
Ke8 32. Rxa7 Ba6 33. Re1+ Kf8 34. Rxa6 g5 35. Rxd6 Kg7 36. a3 f6 37. a4 h6
38. a5 Kg6 39. a6 Kh5 40. g4+ Kh4 41. Rxf6 Kg3 42. a7 Kxh3 43. a8=Q h5 44.
gxh5 g4 45. fxg4 Kxg4 46. d6 Kxh5 47. d7 Kh4 48. d8=Q Kg3 49. Qg8+ Kh3 50.
Rh6# {Black checkmated} 1-0

[Event "ICC tourney 2148 (70 10)"]
[Site "Internet Chess Club"]
[Date "2020.11.22"]
[Round "4"]
[White "mohitmukkollu"]
[Black "SaiC"]
[Result "1-0"]
[ICCResult "Black checkmated"]
[WhiteElo "1224"]
[BlackElo "941"]
[Opening "French: exchange variation"]
[ECO "C01"]
[NIC "FR.01"]
[Time "12:30:28"]
[TimeControl "4200+10"]

1. e4 e6 2. d4 d5 3. exd5 exd5 4. c4 c6 5. Nc3 Nf6 6. Nf3 Bb4 7. Bd2 O-O 8.
cxd5 Nxd5 9. Nxd5 Bxd2+ 10. Qxd2 cxd5 11. Be2 Re8 12. O-O Nc6 13. Bd3 Qf6
14. Rfe1 Be6 15. Qe3 h6 16. Qd2 Nxd4 17. Nxd4 Qxd4 18. Bh7+ Kxh7 19. Qxd4
Re7 20. h3 Rae8 21. Re3 f5 22. Rae1 g5 23. Qb4 f4 24. Re5 Kg7 25. Qd6 Kf7
26. Rxe6 Rxe6 27. Rxe6 Rxe6 28. Qxd5 Kf6 29. Qxb7 Rb6 30. Qxa7 Re6 31. b4
Re1+ 32. Kh2 Re2 33. b5 Rxf2 34. Qxf2 Kf5 35. b6 Ke4 36. b7 f3 37. b8=Q fxg2
38. Qe8+ Kd3 39. Qf5+ Kd4 40. Qfd7+ Kc4 41. Qec8+ Kb4 42. Qdb7+ Ka5 43.
Qca8# {Black checkmated} 1-0

[Event "ICC tourney 2148 (70 10)"]
[Site "Internet Chess Club"]
[Date "2020.11.22"]
[Round "4"]
[White "ryc2009"]
[Black "theSwishyj"]
[Result "0-1"]
[ICCResult "White resigns"]
[WhiteElo "585"]
[BlackElo "145"]
[Opening "Petrov: Cozio (Lasker) attack"]
[ECO "C42"]
[NIC "RG.03"]
[Time "12:31:39"]
[TimeControl "4200+10"]

1. e4 e5 2. Nf3 Nf6 3. Nxe5 d6 4. Nf3 Nxe4 5. Qe2 Qe7 6. d3 Nf6 7. Qxe7+
Bxe7 8. Nc3 O-O 9. Bg5 Re8 10. O-O-O Bg4 11. Be2 c5 12. Rhe1 Nc6 13. h3 Bd7
14. Bxf6 Bxf6 15. Ne4 Be7 16. Nfd2 b5 17. c4 b4 18. Bf3 Nd4 19. Nf6+ Bxf6
20. Rxe8+ Rxe8 21. Bd5 a5 22. Nf3 Nxf3 23. Bxf3 a4 24. Bd5 Re2 {White
resigns} 0-1

[Event "ICC tourney 2148 (70 10)"]
[Site "Internet Chess Club"]
[Date "2020.11.22"]
[Round "4"]
[White "Ldon22"]
[Black "ydouneed2know"]
[Result "0-1"]
[ICCResult "White checkmated"]
[WhiteElo "781"]
[BlackElo "1168"]
[Opening "Ruy Lopez: exchange, Keres variation"]
[ECO "C68"]
[NIC "RL.08"]
[Time "12:30:35"]
[TimeControl "4200+10"]

1. e4 e5 2. Nf3 Nc6 3. Bb5 a6 4. Bxc6 dxc6 5. Nc3 Bd6 6. d3 Nf6 7. Bg5 h6 8.
Bh4 g5 9. Bg3 Be6 10. Bxe5 Bxe5 11. Nxe5 Qe7 12. Nf3 O-O-O 13. O-O Bg4 14.
h3 Bh5 15. g4 Bg6 16. e5 Nd7 17. Re1 h5 18. Qd2 hxg4 19. hxg4 Rdg8 20. Qxg5
Qe8 21. Qe3 Qe6 22. Nh2 Rxh2 23. Kxh2 Bxd3 24. cxd3 Qxg4 25. Rg1 Rh8+ 26.
Qh3 Rxh3# {White checkmated} 0-1

[Event "ICC tourney 2148 (70 10)"]
[Site "Internet Chess Club"]
[Date "2020.11.22"]
[Round "4"]
[White "summivj"]
[Black "funstyle"]
[Result "0-1"]
[ICCResult "White checkmated"]
[WhiteElo "146"]
[BlackElo "1057"]
[Opening "French: advance variation"]
[ECO "C02"]
[NIC "FR.03"]
[Time "12:37:05"]
[TimeControl "4200+10"]

1. e4 e6 2. d4 d5 3. e5 c5 4. Bb5+ Bd7 5. Bxd7+ Qxd7 6. c3 Nc6 7. Nf3 Nge7
8. O-O Nf5 9. Re1 Be7 10. Na3 Rc8 11. Nb5 a6 12. Nd6+ Nxd6 13. exd6 Bxd6 14.
Qb3 cxd4 15. cxd4 O-O 16. Qd3 Nb4 17. Qd2 Nc2 18. Ng5 Nxe1 19. Qxe1 h6 20.
Nf3 Rc6 21. Qe3 Rfc8 22. Ne1 Qc7 23. Nd3 Bxh2+ 24. Kf1 Bd6 25. Bd2 Qb6 26.
Bc3 Qb5 27. a4 Qc4 28. b4 Qxc3 29. Rc1 Qb3 30. Ra1 Rc3 31. Qe1 Rxd3 32. Rb1
Qc3 33. Qe2 Bxb4 34. Qg4 Qxd4 35. Rxb4 Qxg4 36. Rxg4 Rc2 37. Kg1 Rd1+ 38.
Kh2 Rxf2 39. Kg3 Rdd2 40. Kh3 d4 41. Kh4 Rxg2 42. Rf4 d3 43. Rf3 Rd1 44. Rg3
Rxg3 45. Kxg3 d2 46. Kf4 Re1 47. Kf3 d1=Q+ 48. Kf2 Qe2+ 49. Kg3 Rf1 50. Kh4
Qg2 51. Kh5 Rh1# {White checkmated} 0-1

[Event "ICC tourney 2148 (70 10)"]
[Site "Internet Chess Club"]
[Date "2020.11.22"]
[Round "4"]
[White "saharsh2"]
[Black "leonlunachen"]
[Result "0-1"]
[ICCResult "White checkmated"]
[WhiteElo "987"]
[BlackElo "754"]
[Opening "Sicilian defense"]
[ECO "B40"]
[NIC "SI.43"]
[Time "12:30:20"]
[TimeControl "4200+10"]

1. e4 c5 2. Nf3 e6 3. c3 Nc6 4. d3 d5 5. exd5 exd5 6. Be2 Nf6 7. O-O Bd6 8.
Re1 O-O 9. Bg5 h6 10. Bxf6 Qxf6 11. Nbd2 Bf5 12. Nb3 b5 13. d4 c4 14. Nbd2
b4 15. cxb4 Nxb4 16. Rb1 Bxb1 17. Nxb1 Nxa2 18. Qa4 Nb4 19. Ne5 Nd3 20. Bxd3
cxd3 21. Nd7 Qf5 22. Nxf8 d2 23. Nxd2 Rxf8 24. Qxa7 Bb4 25. Rd1 Bxd2 26. Qa1
Bg5 27. Qb1 Qxb1 28. Rxb1 Re8 29. b4 Rb8 30. b5 Bf4 31. g3 Bd6 32. Kf1 Kh7
33. Ke2 Kg6 34. Ke3 Kf6 35. f4 Ke7 36. g4 f6 37. h4 g5 38. fxg5 fxg5 39.
hxg5 hxg5 40. b6 Kd7 41. Rb5 Kc6 42. Rb3 Rxb6 43. Rxb6+ Kxb6 44. Kd3 Kb5 45.
Kc3 Bg3 46. Kb3 Bf2 47. Kc3 Kc6 48. Kd3 Kb5 49. Kc3 Ka4 50. Kd3 Ka3 51. Kc3
Ka2 52. Kb4 Kb1 53. Kc5 Kc2 54. Kxd5 Kd3 55. Ke5 Bxd4+ 56. Kf5 Be3 57. Kg6
Ke2 58. Kf5 Kf3 59. Ke5 Kxg4 60. Ke4 Kh3 61. Kxe3 Kh2 62. Kf2 g4 63. Kf1 g3
64. Ke2 g2 65. Kf3 g1=Q 66. Kf4 Qg2 67. Ke3 Kg3 68. Kd4 Qf3 69. Ke5 Qg4 70.
Kd5 Qf4 71. Ke6 Qg5 72. Kd6 Qf5 73. Ke7 Qg6 74. Kd7 Qf6 75. Kc7 Qe6 76. Kd8
Qf7 77. Kc8 Qe7 78. Kb8 Qd7 79. Ka8 Kf4 80. Kb8 Ke5 81. Ka8 Kd5 82. Kb8 Kc6
83. Ka8 Kb6 84. Kb8 Qb7# {White checkmated} 0-1

[Event "ICC tourney 2148 (70 10)"]
[Site "Internet Chess Club"]
[Date "2020.11.22"]
[Round "4"]
[White "Nani123"]
[Black "thomasamdur"]
[Result "1-0"]
[ICCResult "Black resigns"]
[WhiteElo "1058"]
[BlackElo "852"]
[Opening "Caro-Kann: exchange variation"]
[ECO "B13"]
[NIC "CK.02"]
[Time "12:30:35"]
[TimeControl "4200+10"]

1. e4 c6 2. d4 d5 3. exd5 cxd5 4. Bd3 Nc6 5. c3 Nf6 6. h3 e6 7. Nf3 Bd6 8.
Bg5 h6 9. Bc1 O-O 10. O-O b6 11. Nbd2 a5 12. a4 Ba6 13. Bxa6 Rxa6 14. Re1
Re8 15. Qe2 Qc7 16. Qxa6 e5 17. dxe5 Nxe5 18. Nxe5 Bxe5 19. Nf3 Bh2+ 20. Kh1
Rxe1+ 21. Nxe1 Ne4 22. Be3 Bf4 23. Qa8+ Kh7 24. Qxd5 Bxe3 25. Qxe4+ g6 26.
Qxe3 Qc4 27. Nf3 {Black resigns} 1-0